 Dungeon Crawl Stone Soup version 0.31.0-12-g77e489cdc1 (webtiles) character file.

Game seed: 7206507471264043109

816 Silvore the Slasher (level 7, 0/56 HPs)
             Began as a Demonspawn Fighter on Feb 14, 2024.
             Slain by an ogre
             ... wielding a +0 giant club
              (7 damage)
             ... on level 5 of the Dungeon.
             The game lasted 00:03:54 (3464 turns).

Silvore the Slasher (Demonspawn Fighter)            Turns: 3464, Time: 00:03:55

Health: 0/56       AC: 10    Str: 18    XL:     7   Next: 62%
Magic:  7/7        EV:  9    Int:  8    God:
Gold:   218        SH:  8    Dex: 13    Spells: 6/6 levels left

rFire   . . .        a - +0 long sword
rCold   . . .        m - +3 warlock's mirror {omnireflect}
rNeg    . . .        b - +0 scale mail
rPois   .            k - +1 helmet
rElec   .            (no cloak)
rCorr   .            (no gloves)
SInv    .            (no boots)
Will    .....        (no amulet) Stlth
                     (no ring)
HPRegen 0.29/turn    (no ring)
MPRegen 0.10/turn

%: reflection
@: mighty, studying Fighting
A: claws 2, rugged brown scales 1, spiny 1
a: no special abilities


You were on level 5 of the Dungeon.
You visited 1 branch of the dungeon, and saw 5 of its levels.

You collected 218 gold pieces.

Inventory:

Hand Weapons
 a - a +0 long sword (weapon)
Armour
 b - a +0 scale mail (worn)
 c - a +0 buckler
 k - a +1 helmet (worn)
 m - the +3 warlock's mirror (worn) {omnireflect}
   (You acquired it on level 2 of the Dungeon)

   Omnireflect: It can block and reflect piercing ranged attacks and magical
   attacks against the wielder's willpower.
Jewellery
 g - an amulet of the acrobat
Wands
 l - a wand of charming (9)
 o - a wand of iceblast (8)
Scrolls
 j - 2 scrolls of amnesia
 q - 2 scrolls of brand weapon {unknown}
 r - a scroll of blinking
 s - a scroll of torment
Potions
 e - a potion of berserk rage
 f - a potion of attraction
 h - 4 potions of curing
 i - a potion of brilliance
 n - a potion of haste
 p - a potion of cancellation {unknown}


   Skills:
 + Level 4.4 Fighting
 + Level 5.9 Long Blades
 + Level 4.3 Armour
 + Level 1.5 Dodging
 + Level 0.2 Stealth
 + Level 3.6 Shields


You had 6 spell levels left.
You didn't know any spells.
Your spell library was empty.

Dungeon Overview and Level Annotations

Branches:
Dungeon (5/15)
 Temple: D:4-7

Altars:

Annotations:
D:5 1 runed translucent door, Amicta's ghost, novice OpMo; Dowan


Innate Abilities, Weirdness & Mutations

You have very sharp fingernails.
You are partially covered in rugged brown scales. (AC +1, +3% HP)
You are partially covered in sharp spines.


Message History

Duvessa is heavily wounded.
Dowan is struck by your spines. Dowan hits you but does no damage.
You block Duvessa's attack.
You slash Duvessa!
Duvessa is severely wounded.
You block Duvessa's attack. Dowan hits you with a +0 dagger.
You closely miss Duvessa.
Duvessa is severely wounded.
You block Dowan's attack. Duvessa hits you but does no damage.
You hit Duvessa but do no damage.
Duvessa is severely wounded.
Duvessa hits you with a +0 short sword! You block Dowan's attack.
Dowan points at you and mumbles some strange words.
The puff of frost misses you. Duvessa hits you with a +0 short sword!
You hit Duvessa but do no damage.
Duvessa is severely wounded.
Duvessa hits you but does no damage. Dowan barely misses you.
You feel very mighty all of a sudden. Dowan hits you but does no damage.
Duvessa hits you but does no damage.
You slash Duvessa!
Duvessa is almost dead.
Dowan hits you but does no damage. Duvessa hits you but does no damage.
You slice Duvessa!!
You kill Duvessa!
Dowan seems overcome with grief.
Dowan seems to find hidden reserves of power!
Dowan is struck by your spines. Dowan hits you with a +0 dagger.
Dowan is struck by your spines. Dowan barely misses you.
You miss Dowan.
Dowan is moderately wounded.
Dowan points at you and mumbles some strange words.
The shard of ice hits you! You block the ogre's attack.
You slash the ogre!
The ogre is heavily wounded.
Dowan hits you with a +0 dagger.
* * * LOW HITPOINT WARNING * * *
Dowan is struck by your spines. Dowan hits you with a +0 dagger.
* * * LOW HITPOINT WARNING * * *
The ogre hits you with a +0 giant club!
You die...

......................
......................
.....#................
.#...##.......#.#.....
.#.†.........##.#.....
.#.........##.#....#.
.....#.....##(..## #
.....#.....#.....##
.....#.#.#.#..#.@e#
#....#.....######O.#
##...#.....# .....
##..#.#)#.# #......
#.))..# ...§§≈ #..)..#
##.§≈≈ #.#.#.# .≈≈.
#.....# §§⌠ #.....#


You could see an ogre and Dowan (fast).

Vanquished Creatures
  Duvessa (D:5)
  2 black bears
  2 ogres
  2 hounds (D:5)
  A jelly (D:5)
  2 bombardier beetles
  An orc wizard (D:4)
  4 gnolls (D:5)
  6 adders
  2 dart slugs
  4 ribbon worms
  11 orcs
  5 bats
  6 endoplasms
  3 giant cockroaches
  5 goblins
  5 hobgoblins
  2 quokkas
  5 ball pythons
  2 frilled lizards
  5 kobolds
  2 rats
78 creatures vanquished.

Notes
Turn   | Place    | Note
-------+----------+-------------------------------------------
     0 | D:1      | Silvore the Demonspawn Fighter began the quest for the Orb.
     0 | D:1      | Reached XP level 1. HP: 18/18 MP: 1/1
   315 | D:1      | Gained mutation: You are partially covered in rugged brown
                  | scales. (AC +1, +3% HP) [demonic ancestry]
   315 | D:1      | Reached XP level 2. HP: 18/24 MP: 2/2
   402 | D:1      | Reached skill level 2 in Long Blades
  1058 | D:2      | Gained mutation: You have sharp fingernails. [demonic
                  | ancestry]
  1058 | D:2      | Reached XP level 3. HP: 29/29 MP: 3/3
  1466 | D:2      | Identified a scroll of acquirement
  1466 | D:2      | Acquired the +3 warlock's mirror {omnireflect}
  1466 | D:2      | Found the +3 warlock's mirror {omnireflect}
  1566 | D:3      | Reached skill level 3 in Long Blades
  1566 | D:3      | Gained mutation: You have very sharp fingernails. [demonic
                  | ancestry]
  1566 | D:3      | Reached XP level 4. HP: 7/36 MP: 4/4
  2502 | D:3      | Noticed an angel
  2639 | D:4      | Noticed an ogre
  2641 | D:4      | Noticed a black bear
  2649 | D:4      | Killed an ogre
  2650 | D:4      | Reached skill level 4 in Long Blades
  2650 | D:4      | Reached XP level 5. HP: 37/42 MP: 5/5
  2655 | D:4      | Killed a black bear
  2656 | D:4      | Gained mutation: You are partially covered in sharp spines.
                  | [demonic ancestry]
  2656 | D:4      | Reached XP level 6. HP: 37/49 MP: 6/6
  2844 | D:4      | Reached skill level 1 in Dodging
  3041 | D:5      | Entered Level 5 of the Dungeon
  3041 | D:5      | Found a runed translucent door.
  3047 | D:5      | Noticed Amicta's ghost (novice OpMo)
  3073 | D:5      | Reached skill level 5 in Long Blades
  3130 | D:5      | Reached XP level 7. HP: 33/54 MP: 7/7
  3448 | D:5      | Noticed Duvessa
  3449 | D:5      | Noticed Dowan
  3462 | D:5      | Killed Duvessa
  3464 | D:5      | Slain by an ogre

Illustrated notes

Levels and vault maps discovered:
D:1:      matt_arrival_grand_opening, layout_basic
D:2:      layout_loops_ring
D:3:      layout_basic, zin_angel
D:4:      layout_basic
D:5:      layout_cave_pools, mainiacjoe_overflow_alcove_1,
          general_overflow_altar, ebering_ghost_sewer_f, columned_hall_lemuel,
          uniq_duvessa

Skill      XL: |  1  2  3  4  5  6  7 |
---------------+----------------------+-----
Long Blades    | 2 3 4 5 |  5.9
Armour         | 3 4 |  4.3
Shields        | 3 |  3.6
Dodging        | 1 |  1.5
Fighting       | 4 |  4.4
Stealth        | |  0.2

Action                     |  1- 3 |  4- 6 |  7- 9 || total
---------------------------+-------+-------+-------++-------
  Melee: Long sword        |   129 |   118 |    31 ||   278
    Use: Scroll            |     8 |     4 |       ||    12
         Potion            |       |     1 |     1 ||     2
 Armour: Scale mail        |    92 |    74 |    39 ||   205
  Dodge: Dodged            |    57 |    42 |    11 ||   110
  Block: Buckler           |    24 |    52 |    16 ||    92
         Reflection        |       |     5 |       ||     5
